 Dungeon Crawl Stone Soup version 0.25-a0-435-g4b9beb1024 (webtiles) character file.

Game seed: 1161654733312041288, levelgen mode: deterministic

995 ChaosChampion the Sneak (level 8, -6/51 HPs)
             Began as an Octopode Transmuter on Jan 27, 2020.
             Was an Initiate of Cheibriados.
             Mangled by a hornet zombie (10 damage)
             ... on level 5 of the Dungeon.
             The game lasted 00:16:19 (5090 turns).

ChaosChampion the Sneak (Octopode Transmuter)       Turns: 5090, Time: 00:16:20

Health: -6/51      AC:  1    Str: 11    XL:     8   Next: 19%
Magic:  21/23      EV: 14    Int: 18    God:    Cheibriados [......]
Gold:   82         SH:  0    Dex: 13    Spells: 4/15 levels left

rFire    + . .     SeeInvis .     - Unarmed
rCold    x . .     Gourm    .   (no shield)
rNeg     . . .     Faith    .   (helmet restricted)
rPois    .         Spirit   .   x - amulet of the acrobat
rElec    .         Reflect  .   i - ring of magical power
rCorr    .         Harm     .   m - ring of fire
MR       .....                  (no ring)
Stlth    ++++......             (no ring)
HPRegen  0.17/turn              (no ring)
MPRegen  0.18/turn              (no ring)
                                (no ring)
                                (no ring)

@: very slow
A: almost no armour, stealthy swim, amphibious, 8 rings, constrict 8, camouflage
1, gelatinous body 1
a: Bend Time, Renounce Religion


You were on level 5 of the Dungeon.
You worshipped Cheibriados.
Cheibriados was noncommittal.
You were not hungry.

You visited 1 branch of the dungeon, and saw 5 of its levels.

You collected 264 gold pieces.
You spent 182 gold pieces at shops.

Inventory:

Hand Weapons
 w - a +3 dagger of speed
Missiles
 a - 31 arrows
 g - 6 boomerangs (quivered)
 l - 38 poisoned darts
 s - 11 bolts
Jewellery
 i - a ring of magical power (left tentacle)
 m - a ring of fire (right tentacle)
 x - an amulet of the acrobat (around mantle)
Wands
 v - a wand of acid (3)
Scrolls
 b - 2 scrolls of amnesia
 d - a scroll of torment {unknown}
 e - a scroll of enchant weapon {unknown}
 j - 2 scrolls of enchant armour {unknown}
 k - a scroll of blinking {unknown}
 n - 3 scrolls of remove curse
 o - 4 scrolls of teleportation {unknown}
 q - 5 scrolls of identify {unknown}
 r - 2 scrolls of fog {unknown}
 u - a scroll of random uselessness {unknown}
 y - a scroll of noise {unknown}
 C - a scroll of magic mapping
Potions
 f - 3 potions of lignification {unknown}
 h - a potion of invisibility {unknown}
 p - 3 potions of curing
 t - 2 potions of flight {unknown}
 z - a potion of agility {unknown}
 A - a potion of mutation
 B - a potion of degeneration
Comestibles
 c - 10 rations


   Skills:
 + Level 2.9 Fighting
 + Level 3.5 Dodging
 * Level 5.6 Stealth
 * Level 5.1 Unarmed Combat
 * Level 4.1 Spellcasting
 * Level 4.4 Transmutations


You had 4 spell levels left.
You knew the following spells:

 Your Spells              Type           Power        Failure   Level  Hunger
a - Beastly Appendage     Tmut           ###...       2%          1    None
b - Sticks to Snakes      Tmut           ###.....     3%          2    ##.....
c - Spider Form           Tmut/Pois      ##........   17%         3    ###....
d - Blade Hands           Tmut           ###.......   54%         5    ######.

Your spell library contained the following spells:

 Spells                   Type           Power        Failure   Level  Hunger
 Ice Form                 Ice/Tmut       ##......     50%         4    ####...


Dungeon Overview and Level Annotations

Branches:
Dungeon (5/15)
 Temple: D:4-7

Altars:
Cheibriados
Fedhas
Makhleb
Nemelex Xobeh
Okawaru
Ru
Vehumet
Wu Jian
Yredelemnul

Shops:
D:5 !


Innate Abilities, Weirdness & Mutations

You cannot wear most types of armour.
You are very stealthy in the water. (Stealth+)
You are amphibious.
You can wear up to eight rings at the same time.
You can use your tentacles to constrict eight enemies at once.
Your skin changes colour to match your surroundings (Stealth+).
Your rubbery body absorbs attacks. (AC +1, EV +1)


Message History

The hornet zombie barely misses your ball python.
The hornet zombie closely misses your ball python.
Your ball python bites the hornet zombie but does no damage.
Your ball python constricts the hornet zombie.
The hornet zombie hits your ball python!
Your ball python dies!
You don't have the energy to cast that spell.
You don't have the energy to cast that spell.
The hornet zombie completely misses you.
You feel better. The hornet zombie barely misses you.
You don't have the energy to cast that spell.
You eat one of the 11 rations.
That ration really hit the spot!
The hornet zombie completely misses you.
Okay, then.
Casting: Sticks to Snakes (safe; 3% risk of failure)
Confirm with . or Enter, or press ? or * to list all spells.
You create a snake!
You now have 31 arrows.
The hornet zombie hits you!
* * * LOW HITPOINT WARNING * * *
The hornet zombie hits you!
You die...

..............###..# #..#
...#.###....*** #..# #..#
...#.###.##[#####..###..#
........................#
......##.##..####..###.##
...#..##.##..# #.......#
...#..##.##..# #...#####
.............###...#
...............S@..#
.#.#.###..#..#.#Z###
.#.#.........#.#.#
.#.#..###.#..#.#.########
#..#...##.#..#.#...Z....#
...............########.#
#..#...##.#..#.# *,*
#.##...##.#..#.# *,*
#.##...#..#..#.# *,*


You could see a hornet zombie and a friendly adder.

Vanquished Creatures
  An ice beast (D:5)
  A phantom (D:5)
  An ogre (D:4)
  A centaur (D:5)
  2 scorpions (D:4)
  A crimson imp (D:5)
  A jelly (D:5)
  An orc priest (D:5)
  A bullfrog skeleton (D:4)
  2 iguanas (D:5)
  3 orc wizards
  A worker ant (D:4)
  Robin (D:2)
  4 adders
  4 gnolls
  3 oozes
  4 dart slugs
  3 worms
  3 leopard geckos
  11 orcs
  15 goblins
  15 hobgoblins
  5 jackals
  A ball python (D:2)
  6 bats
  4 frilled lizards
  3 kobolds (D:3)
  A quokka skeleton (D:4)
  6 rats
105 creatures vanquished.

Vanquished Creatures (collateral kills)
  A water moccasin (D:5)
  Natasha (D:1)
  A jackal (D:1)
  A kobold (D:1)
4 creatures vanquished.

Grand Total: 109 creatures vanquished

Notes
Turn   | Place    | Note
-------+----------+-------------------------------------------
     0 | D:1      | ChaosChampion the Octopode Transmuter began the quest for
                  | the Orb.
     0 | D:1      | Reached XP level 1. HP: 13/13 MP: 3/3
    73 | D:1      | Reached XP level 2. HP: 18/18 MP: 3/5
   100 | D:1      | Learned a level 2 spell: Sticks to Snakes
   154 | D:1      | Reached skill level 1 in Stealth
   671 | D:1      | Reached XP level 3. HP: 23/23 MP: 6/6
   952 | D:2      | Noticed Robin
   952 | D:2      | Noticed Natasha
   974 | D:1      | Killed Natasha
  1380 | D:1      | Learned a level 3 spell: Spider Form
  1667 | D:2      | Killed Robin
  1667 | D:2      | Reached XP level 4. HP: 28/28 MP: 7/7
  1913 | D:2      | Found an iron altar of Okawaru.
  2403 | D:3      | Reached XP level 5. HP: 24/33 MP: 8/8
  3165 | D:4      | Reached XP level 6. HP: 39/39 MP: 10/10
  3626 | D:4      | Reached XP level 7. HP: 29/45 MP: 9/12
  3637 | D:4      | Learned a level 5 spell: Blade Hands
  3954 | D:5      | Entered Level 5 of the Dungeon
  4007 | D:5      | Found a sparkling altar of Nemelex Xobeh.
  4068 | D:5      | Found a blossoming altar of Fedhas.
  4069 | D:5      | Found a radiant altar of Vehumet.
  4069 | D:5      | Found a sacrificial altar of Ru.
  4069 | D:5      | Found an ornate altar of the Wu Jian Council.
  4070 | D:5      | Found a basalt altar of Yredelemnul.
  4071 | D:5      | Found a sparkling altar of Nemelex Xobeh.
  4073 | D:5      | Found a burning altar of Makhleb.
  4074 | D:5      | Found a snail-covered altar of Cheibriados.
  4078 | D:5      | Became a worshipper of Cheibriados the Contemplative
  4180 | D:5      | Found Alatid's Distillery.
  4183 | D:5      | Bought a potion of heal wounds for 65 gold pieces
  4183 | D:5      | Bought a potion of mutation for 104 gold pieces
  4183 | D:5      | Bought a potion of degeneration for 13 gold pieces
  4194 | D:5      | HP: 2/45 [water moccasin (6)]
  4208 | D:5      | Reached skill level 5 in Stealth
  4383 | D:5      | Reached XP level 8. HP: 16/51 MP: 13/13
  4803 | D:5      | Reached skill level 5 in Unarmed Combat
  5090 | D:5      | Mangled by a hornet zombie

Levels and vault maps discovered:
D:1:      matt_arrival_spirals, layout_basic
D:2:      layout_basic, kennysheep_okawaru_gauntlet, first_ration,
          lemuel_another_geyser, uniq_robin, uniq_natasha
D:3:      layout_rooms, minivault_19
D:4:      layout_loops_ring, minmay_circle_x
D:5:      layout_basic, minitemple, basic_altar, serial_shops, kennysheep_mini

Skill      XL: |  1  2  3  4  5  6  7  8 |
---------------+-------------------------+-----
Stealth        | 1 2 3 4 5 |  5.6
Transmutations | 3 4 |  4.4
Fighting       | 2 |  2.9
Unarmed Combat | 4 5 |  5.1
Spellcasting   | 3 4 |  4.1
Dodging        | 3 |  3.5

Action                   |  1- 3 |  4- 6 |  7- 9 || total
-------------------------+-------+-------+-------++-------
Melee: Unarmed           |    68 |   147 |   115 ||   330
       Constrict         |    10 |     7 |     1 ||    18
       Kick              |     8 |       |       ||     8
       Tentacles         |     7 |     3 |       ||    10
       Punch             |     1 |     2 |     1 ||     4
 Cast: Beastly Appendage |     6 |       |       ||     6
       Sticks to Snakes  |     8 |     6 |    20 ||    34
       Spider Form       |     2 |    26 |    16 ||    44
  Use: Potion            |     2 |     1 |     3 ||     6
       Scroll            |       |       |     3 ||     3
 Stab: Distracted        |     2 |       |     1 ||     3
       Sleeping          |     1 |     8 |     1 ||    10
  Eat: Chunk             |     2 |     9 |     6 ||    17
       Ration            |       |     1 |     1 ||     2
Armor: Skin              |     3 |     9 |     6 ||    18
Dodge: Dodged            |    76 |   126 |    86 ||   288

Table legend:
 A = Non-vault XP
 B = Vault XP
 C = Vault XP percentage of total XP
 D = Non-vault monster count
 E = Vault monster count
 F = Vault count percentage of total count
                 A         B        C        D         E       F
            +---------+---------+-------+---------+---------+-------
      Total |    1182 |     240 |  16.9 |      87 |      22 |  20.2
            +---------+---------+-------+---------+---------+-------
        D:1 |      41 |      33 |  44.6 |      17 |       9 |  34.6
        D:2 |      61 |      27 |  30.7 |      23 |       7 |  23.3
        D:3 |      91 |       0 |   0.0 |      22 |       0 |   0.0
        D:4 |     284 |     180 |  38.8 |      12 |       6 |  33.3
        D:5 |     705 |       0 |   0.0 |      13 |       0 |   0.0
            +---------+---------+-------+---------+---------+-------
